 Dungeon Crawl Stone Soup version 0.24.0-123-gd5b16e6ec5 (webtiles) character file.

Game seed: 11552022920893790118, levelgen mode: deterministic

210 luthanos the Bolt Thrower (level 6, -8/37 HPs)
             Began as a Kobold Hunter on Jan 20, 2020.
             Killed from afar by Ijyb (14 damage)
             ... with a bolt of acid
             ... on level 3 of the Dungeon.
             The game lasted 00:05:25 (1675 turns).

luthanos the Bolt Thrower (Kobold Hunter)           Turns: 1675, Time: 00:05:26

Health: -8/37      AC:  0    Str:  9    XL:     6   Next: 12%
Magic:  6/6        EV: 15    Int: 12    God:
Gold:   134        SH:  0    Dex: 18    Spells: 5/5 levels left

rFire    . . .     SeeInvis .   a - +1 hand crossbow
rCold    . . .     Gourm    .   (shield restricted)
rNeg     . . .     Faith    .   c - +0 leather armour
rPois    .         Spirit   .   (no helmet)
rElec    .         Reflect  .   s - +0 cloak {+Inv}
rCorr    .         Harm     .   (no gloves)
MR       .....                  (no boots)
Stlth    ++........             (no amulet)
HPRegen  0.12/turn              (no ring)
MPRegen  0.10/turn              (no ring)

@: corroded
A: small, carnivore
a: Evoke Invisibility


You were on level 3 of the Dungeon.
You were not hungry.

You visited 1 branch of the dungeon, and saw 3 of its levels.

You collected 134 gold pieces.

Inventory:

Hand Weapons
 a - a +1 hand crossbow (weapon)
 b - a +0 short sword
 r - a +3 quarterstaff of chaos
Missiles
 d - 7 bolts (quivered)
Armour
 c - a +0 leather armour (worn)
 s - a +0 cloak of invisibility (worn)
Jewellery
 u - an uncursed ring of positive energy {unknown}
Scrolls
 h - a scroll of enchant armour {unknown}
 i - a scroll of noise {unknown}
 j - 2 scrolls of amnesia {unknown}
 k - 2 scrolls of remove curse {unknown}
 p - a scroll of fog {unknown}
 q - a scroll of immolation {unknown}
 t - 2 scrolls of teleportation {unknown}
Potions
 e - 3 potions of might {unknown}
 g - a potion of mutation {unknown}
 l - a potion of curing
 m - a potion of magic {unknown}
 n - a potion of flight {unknown}
 o - a potion of brilliance {unknown}
Comestibles
 f - 3 rations


   Skills:
 + Level 3.5 Fighting
 + Level 7.3 Crossbows
 + Level 0.9 Armour
 + Level 2.7 Dodging
 + Level 1.7 Stealth


You had 5 spell levels left.
You didn't know any spells.
Your spell library was empty.

Dungeon Overview and Level Annotations

Branches:
Dungeon (3/15)

Altars:
Elyvilon
Hepliaklqana
Okawaru
Vehumet

Annotations:
D:3 Ijyb


Innate Abilities, Weirdness & Mutations

You are small and have problems with some larger weapons.
You are carnivorous and can eat meat at any time.


Message History

You shoot a bolt. The bolt hits Ijyb but does no damage.
Ijyb is severely wounded.
Ijyb zaps a wand.
The bolt of acid hits you!! The acid corrodes you!
You are splashed with acid!
* * * LOW HITPOINT WARNING * * *
It was a potion of curing.
You feel better. Ijyb closely misses you.
Firing (i - inventory)
d - 9 bolts (quivered)
Press: ? - help, Shift-Dir - straight line, f/p - Ijyb
Aim: Ijyb, wielding a +0 dagger, wearing a +1 scale mail of cold resistance and carrying a wand of acid (6) (severely wounded)
You shoot a bolt. The bolt hits Ijyb but does no damage.
Ijyb is severely wounded.
Ijyb hits you with a +0 dagger.
* * * LOW HITPOINT WARNING * * *
Firing (i - inventory)
d - 8 bolts (quivered)
Press: ? - help, Shift-Dir - straight line, f/p - Ijyb
Aim: Ijyb, wielding a +0 dagger, wearing a +1 scale mail of cold resistance and carrying a wand of acid (6) (severely wounded)
You shoot a bolt. The bolt hits Ijyb but does no damage.
Ijyb is severely wounded.
Ijyb barely misses you.
Ijyb zaps a wand.
The bolt of acid hits you!
You die...

#.### #######
#...# ###.#
###.####
#).....### ###
# #........# ..
##(# #...##.#.#
.#((((#
#......#.##.(.#
#..##...@g(.(#
#..###.#.#####
#........#
##########


You could see Ijyb.

Vanquished Creatures
  Crazy Yiuf (D:2)
  2 orc wizards (D:3)
  Jessica (D:3)
  4 adders
  2 worms (D:2)
  A leopard gecko (D:2)
  2 orcs (D:3)
  5 bats
  17 goblins
  4 hobgoblins
  3 jackals (D:1)
  3 kobolds
  2 quokkas (D:2)
  3 frilled lizards
  5 rats
55 creatures vanquished.

Notes
Turn   | Place    | Note
-------+----------+-------------------------------------------
     0 | D:1      | luthanos the Kobold Hunter began the quest for the Orb.
     0 | D:1      | Reached XP level 1. HP: 12/12 MP: 1/1
   161 | D:1      | Reached skill level 5 in Crossbows
   223 | D:1      | Reached XP level 2. HP: 17/17 MP: 2/2
   720 | D:2      | Reached XP level 3. HP: 21/21 MP: 3/3
   785 | D:2      | Reached skill level 6 in Crossbows
   805 | D:2      | Reached XP level 4. HP: 15/27 MP: 4/4
   957 | D:2      | Found a white marble altar of Elyvilon.
   957 | D:2      | Found a radiant altar of Vehumet.
  1252 | D:2      | Found a runed translucent door.
  1253 | D:2      | Noticed Crazy Yiuf
  1259 | D:2      | Killed Crazy Yiuf
  1455 | D:3      | Reached XP level 5. HP: 26/32 MP: 5/5
  1472 | D:3      | Reached skill level 7 in Crossbows
  1494 | D:3      | Found an iron altar of Okawaru.
  1500 | D:3      | Found a hazy altar of Hepliaklqana.
  1646 | D:3      | Noticed Jessica
  1649 | D:3      | Killed Jessica
  1649 | D:3      | Reached XP level 6. HP: 37/37 MP: 6/6
  1650 | D:3      | Noticed Ijyb
  1675 | D:3      | Killed from afar by Ijyb

Levels and vault maps discovered:
D:1:      evilmike_arrival_rings, layout_loops_ring,
          chequers_serial_rivers_room_b, minmay_domino_2
D:2:      layout_rooms, gammafunk_temple_overflow_statue, kennysheep_crisscross,
          uniq_crazy_yiuf_cottage
D:3:      layout_loops_cross, lemuel_crystal_altar, kennysheep_okawaru_gauntlet,
          uniq_jessica, uniq_ijyb

Skill      XL: |  1  2  3  4  5 |
---------------+----------------+-----
Crossbows      | 5 6 7 |  7.3
Fighting       | 3 |  3.5
Armour         | |  0.9
Dodging        | |  2.7
Stealth        | |  1.7

Action                   |  1- 3 |  4- 6 || total
-------------------------+-------+-------++-------
 Fire: Hand crossbow     |    70 |    88 ||   158
  Use: Potion            |       |     1 ||     1
  Eat: Chunk             |       |     2 ||     2
Armor: Leather armour    |     7 |     2 ||     9
Dodge: Dodged            |    20 |    17 ||    37
